 Dungeon Crawl Stone Soup version 0.24-a0-416-g56ce5178b7 (webtiles) character file.

Game seed: 4118239527561011875

3423 Iscandelvey the Vexing (level 9, 0/59 HPs)
             Began as a Demonspawn Arcane Marksman on June 7, 2019.
             Was a Believer of Kikubaaqudgha.
             Shot with an arrow by a centaur (12 damage)
             ... on level 8 of the Dungeon on June 8, 2019.
             The game lasted 00:34:52 (9006 turns).

Iscandelvey the Vexing (Demonspawn Arcane Marksman) Turns: 9006, Time: 00:34:54

Health: 0/59       AC:  8    Str: 10    XL:     9   Next: 76%
Magic:  18/18      EV: 14    Int: 17    God:    Kikubaaqudgha [**....]
Gold:   425        SH:  0    Dex: 17    Spells: 13/20 levels left

rFire    . . .     SeeInvis .   g - +1 whip (elec)
rCold    + . .     Gourm    .   (no shield)
rNeg     . . .     Faith    .   K - +2 leather armour {rPois}
rPois    +         Spirit   .   e - +0 helmet (curse)
rElec    .         Reflect  .   T - +0 cloak
rCorr    .         Harm     .   D - +0 pair of gloves
MR       +....                  (no boots)
Stlth    ++........             (no amulet)
HPRegen  0.19/turn              J - ring of protection from magic
MPRegen  0.16/turn              j - ring of protection from cold

@: lethally poisoned (0 -> -1)
A: talons 2, thin skeletal structure 1, powered by death 1
a: Receive Corpses, Renounce Religion


You were on level 8 of the Dungeon.
You worshipped Kikubaaqudgha.
Kikubaaqudgha was pleased with you.
You were not hungry.

You visited 2 branches of the dungeon, and saw 9 of its levels.

You collected 425 gold pieces.

Inventory:

Hand Weapons
 a - a +0 hunting sling
 g - a +1 whip of electrocution (weapon)
 h - a +0 whip
 G - a +0 trident
 S - a +2 whip of venom
Missiles
 d - 70 sling bullets
 l - 65 stones (quivered)
 M - 93 arrows
 R - 8 javelins
 V - 21 bolts
 W - 3 boomerangs
Armour
 e - a cursed +0 helmet (worn)
 m - a +0 leather armour
 q - a +0 cloak
 s - a +0 helmet
 D - a +0 pair of gloves (worn)
 K - a +2 leather armour of poison resistance (worn)
 T - a +0 cloak (worn)
Jewellery
 j - a ring of protection from cold (right hand)
 o - an uncursed ring of fire
 J - a ring of protection from magic (left hand)
Wands
 v - a wand of flame (24)
 H - a wand of clouds (2)
 Y - a wand of disintegration (6)
Scrolls
 c - 5 scrolls of amnesia
 i - 2 scrolls of fog {unknown}
 k - 2 scrolls of teleportation {unknown}
 n - 2 scrolls of enchant armour
 p - 5 scrolls of remove curse
 u - 3 scrolls of enchant weapon
 x - 2 scrolls of random uselessness {unknown}
 y - a scroll of noise {unknown}
 F - a scroll of blinking {unknown}
 O - a scroll of silence {unknown}
 P - 2 scrolls of identify
 Q - 2 scrolls of magic mapping {unknown}
 U - a scroll of vulnerability {unknown}
 Z - a scroll of holy word {unknown}
Potions
 b - 3 potions of agility
 t - a potion of heal wounds
 w - 3 potions of invisibility
 z - a potion of ambrosia {unknown}
 A - 2 potions of magic
 B - 3 potions of mutation {unknown}
 C - a potion of berserk rage {unknown}
 E - a potion of lignification {unknown}
 I - 4 potions of might
 L - a potion of haste
 N - 4 potions of curing {unknown}
Comestibles
 f - 10 rations


   Skills:
 - Level 1.0 Fighting
 - Level 2.2(4.5) Slings
 * Level 6.2(6.4) Throwing
 + Level 4.6 Dodging
 * Level 6.4 Spellcasting
 * Level 7.6 Hexes
 * Level 4.9 Necromancy


You had 13 spell levels left.
You knew the following spells:

 Your Spells              Type           Power        Failure   Level  Hunger
a - Corona                Hex            ####...      1%          1    None
b - Slow                  Hex            ####....     1%          2    None
c - Cause Fear            Hex            ####......   7%          4    ####...

Your spell library contained the following spells:

 Spells                   Type           Power        Failure   Level  Hunger
 Animate Skeleton         Necr           N/A          2%          1    None
 Pain                     Necr           ###.         2%          1    None
 Sublimation of Blood     Necr           ###.......   3%          2    None
 Inner Flame              Hex/Fire       ###.....     11%         3    ##.....
 Portal Projectile        Hex/Tloc       ###...       11%         3    ##.....
 Regeneration             Chrm/Necr      ##........   19%         3    ##.....
 Leda's Liquefaction      Hex/Erth       ###.......   34%         4    ####...


Dungeon Overview and Level Annotations

Branches:
Dungeon (8/15)             Temple (1/1) D:5
   Lair: D:8-11

Altars:
Ashenzari
Cheibriados
Dithmenos
Elyvilon
Fedhas
Gozag
Hepliaklqana
Kikubaaqudgha
Makhleb
Okawaru
Qazlal
Ru
Sif Muna
Trog
Uskayaw
Vehumet
Wu Jian
Xom
Yredelemnul
Zin
The Shining One
Beogh

Annotations:
D:3 1 runed translucent door, Iwannabefree's ghost, amateur NaSk
D:5 3 runed translucent doors, aaksess's ghost, novice KoAs
D:6 2 runed translucent doors, exclusion: oklob plant, vogonpoet's ghost, novice SpWn


Innate Abilities, Weirdness & Mutations

You have razor-sharp toenails.
You have a somewhat thin skeletal structure. (Dex +2, Stealth)
You regenerate a little health from kills.


Message History

You throw a stone.
The stone hits the adder but does no damage.
The adder bites you.
* * * LOW HITPOINT WARNING * * *
You miss the adder. The adder closely misses you.
You hit the adder.
The adder is severely wounded.
The adder bites you.
* * * LOW HITPOINT WARNING * * *
You are poisoned.
The adder poisons you!
You closely miss the adder. Your kick misses the adder.
The adder is severely wounded.
You feel sick.
You kill the adder!
Kikubaaqudgha accepts your kill.
The centaur shoots an arrow.
The arrow hits you but does no damage.
The centaur shoots an arrow.
The arrow hits you!
You die...
Kikubaaqudgha rasps: "You have failed me!
Welcome... death!"

#. #. #. ##.## ..
#####..%########....
......#((...c.......
#.c(####.##.... ...
##(## #.##.. . ...
#@.# #.##... #.#
#..# #c###.......
#..# #.#.....##.#
#..# #.#......#.#
#..# #)#.........
#..# #(#...%.##.#
#..# #.#.....##.#
#..# #..........#
#.#..#####(#


You could see a centaur.

Vanquished Creatures
  Grinder (D:6)
  A wyvern (D:8)
  An acid dragon (D:6)
  3 orc warriors (D:6)
  4 ogres
  2 phantoms
  3 centaurs
  5 bullfrogs
  6 scorpions
  4 wights (D:7)
  2 howler monkeys
  A bullfrog zombie (D:6)
  3 orc priests
  4 hounds (D:6)
  A jelly (D:5)
  A centaur skeleton (D:5)
  5 orc wizards
  A bullfrog skeleton (D:4)
  Ijyb (D:4)
  11 worker ants
  A killer bee zombie (D:5)
  3 hound zombies
  A worker ant zombie (D:5)
  13 adders
  2 shadow imps (D:7)
  4 oozes
  2 dart slugs (D:1)
  6 leopard geckos
  17 orcs
  2 ball pythons
  12 bats
  9 giant cockroaches
  18 goblins
  12 hobgoblins
  7 jackals
  5 kobolds
  3 quokkas
  A ball python skeleton (D:6)
  6 frilled lizards
  A jackal zombie (D:6)
  11 rats
196 creatures vanquished.

Notes
Turn   | Place    | Note
-------+----------+-------------------------------------------
     0 | D:1      | Iscandelvey the Demonspawn Arcane Marksman began the quest
                  | for the Orb.
     0 | D:1      | Reached XP level 1. HP: 15/15 MP: 2/2
    92 | D:1      | Gained mutation: You regenerate a little health from kills.
                  | [demonic ancestry]
    92 | D:1      | Reached XP level 2. HP: 21/21 MP: 3/3
   129 | D:1      | Learned a level 2 spell: Slow
   299 | D:1      | Gained mutation: You have sharp toenails. [demonic
                  | ancestry]
   299 | D:1      | Reached XP level 3. HP: 26/26 MP: 5/5
   771 | D:2      | Reached skill level 1 in Throwing
   810 | D:2      | Noticed a scorpion
  1056 | D:2      | Killed a scorpion
  1056 | D:2      | Reached skill level 4 in Hexes
  1056 | D:2      | Reached XP level 4. HP: 12/32 MP: 5/7
  1077 | D:2      | Upgraded the game from 0.24-a0-415-g6d73c25c48 to
                  | 0.24-a0-416-g56ce5178b7
  1089 | D:2      | HP: 1/32 [poisoned by a scorpion]
  1095 | D:2      | HP: 1/32 [poisoned by a scorpion]
  1594 | D:2      | Gained mutation: You have a somewhat thin skeletal
                  | structure. (Dex +2, Stealth) [demonic ancestry]
  1594 | D:2      | Reached XP level 5. HP: 29/37 MP: 4/8
  1651 | D:2      | Found a snail-covered altar of Cheibriados.
  2391 | D:3      | Found a basalt altar of Yredelemnul.
  2506 | D:3      | Found a runed translucent door.
  2509 | D:3      | Noticed Iwannabefree's ghost (amateur NaSk)
  3057 | D:4      | Noticed Ijyb
  3057 | D:4      | Paralysed by Ijyb for 4 turns
  3066 | D:4      | Paralysed by Ijyb for 6 turns
  3073 | D:4      | Paralysed by Ijyb for 3 turns
  3086 | D:4      | Killed Ijyb
  3126 | D:4      | Found a snail-covered altar of Cheibriados.
  3166 | D:4      | Gained mutation: You have razor-sharp toenails. [demonic
                  | ancestry]
  3166 | D:4      | Reached XP level 6. HP: 39/43 MP: 4/10
  4165 | D:5      | Entered Level 5 of the Dungeon
  4201 | D:5      | Reached skill level 5 in Hexes
  4207 | D:5      | Reached XP level 7. HP: 47/48 MP: 12/12
  4289 | D:5      | Found a staircase to the Ecumenical Temple.
  4305 | Temple   | Entered the Ecumenical Temple
  4313 | Temple   | Became a worshipper of Kikubaaqudgha
  4874 | D:5      | Found a hazy altar of Hepliaklqana.
  5009 | D:5      | Found a runed translucent gate.
  5010 | D:5      | Found a runed translucent gate.
  5010 | D:5      | Identified the +5 chain mail of the Commoners {Int+4}
  5010 | D:5      | Noticed aaksess's ghost (novice KoAs)
  5011 | D:5      | Found a runed translucent gate.
  5017 | D:5      | Found a roughly hewn altar of Beogh.
  5140 | D:6      | Found a blossoming altar of Fedhas.
  5290 | D:6      | Noticed Grinder
  5311 | D:6      | Reached * piety under Kikubaaqudgha
  5311 | D:6      | Identified Kikubaaqudgha's Catalogue of Unholy Magic
                  | (Kikubaaqudgha gifted it to you on level 6 of the Dungeon)
  5311 | D:6      | Received a gift from Kikubaaqudgha
  5349 | D:6      | Reached XP level 8. HP: 34/54 MP: 14/14
  5624 | D:6      | Reached skill level 6 in Hexes
  5828 | D:6      | Reached skill level 1 in Necromancy
  5855 | D:6      | Reached skill level 5 in Spellcasting
  6031 | D:6      | Found a large runed translucent door.
  6031 | D:6      | Found a large runed translucent door.
  6281 | D:6      | Reached skill level 5 in Throwing
  6396 | D:6      | Killed Grinder
  6444 | D:6      | Reached XP level 9. HP: 56/59 MP: 17/17
  6517 | D:6      | Noticed vogonpoet's ghost (novice SpWn)
  6830 | D:6      | Noticed an oklob plant
  7444 | D:7      | Reached skill level 7 in Hexes
  7744 | D:7      | Reached ** piety under Kikubaaqudgha
  7867 | D:7      | Learned a level 4 spell: Cause Fear
  8631 | D:8      | Found a deep blue altar of Sif Muna.
  8632 | D:8      | Found an ornate altar of the Wu Jian Council.
  8637 | D:8      | Found Coudeokh's Gadget Shop.
  9006 | D:8      | Shot with an arrow by a centaur

Levels and vault maps discovered:
D:1:      nicolae_arrival_somewhat_less_tricky_arrival, layout_loops_ring
D:2:      kennysheep_the_goblin_king, layout_rooms, lemuel_crystal_altar
D:3:      layout_basic, lemuel_crystal_altar, ebering_ghost_sewer_d
D:4:      minmay_door_path, layout_loops_cross, cheibriados_altar_1, uniq_ijyb
D:5:      layout_loops_ring, lemuel_crystal_altar, minmay_temple_entry_arrows,
          biasface_ghost_orc_armoury, first_ration
D:6:      cheibrodos_fzero, layout_loops_ring, tgw_fedhas,
          ebering_ghost_disaster_area, minmay_misc_feat_rows, uniq_grinder
D:7:      layout_loops_corners
D:8:      layout_loops_ring, nemelex_xobeh_ov_fountains_minmay,
          grunt_temple_overflow_open, lair_entry_dummy, serial_shops, shop
Temple:   eino_wide_crystal_templ

Skill      XL: |  1  2  3  4  5  6  7  8  9 |
---------------+----------------------------+-----
Slings         | 2 |  2.2
Throwing       | 1 2 3 4 5 6 |  6.2
Dodging        | 2 3 4 |  4.6
Spellcasting   | 2 3 4 5 6 |  6.4
Hexes          | 4 5 6 7 |  7.6
Necromancy     | 3 4 |  4.9
Fighting       | |  1.0

Action                   |  1- 3 |  4- 6 |  7- 9 || total
-------------------------+-------+-------+-------++-------
Melee: Whip              |    94 |   122 |   327 ||   543
       Kick              |    12 |    22 |    74 ||   108
 Fire: Hunting sling     |    36 |   158 |    92 ||   286
Throw: Stone             |       |     1 |     1 ||     2
       Dart              |       |       |    52 ||    52
 Cast: Slow              |     3 |     8 |    32 ||    43
       Corona            |     1 |     6 |    24 ||    31
  Use: Potion            |     2 |     1 |     1 ||     4
       Scroll            |       |     1 |     7 ||     8
 Stab: Sleeping          |     2 |     2 |     3 ||     7
  Eat: Chunk             |     1 |     9 |    14 ||    24
       Ration            |       |       |     1 ||     1
Armor: Robe              |    22 |       |       ||    22
       Leather armour    |     2 |    49 |    96 ||   147
Dodge: Dodged            |    86 |   103 |   246 ||   435

Table legend:
 A = Non-vault XP
 B = Vault XP
 C = Vault XP percentage of total XP
 D = Non-vault monster count
 E = Vault monster count
 F = Vault count percentage of total count
                 A         B        C        D         E       F
            +---------+---------+-------+---------+---------+-------
      Total |    3656 |    1234 |  25.2 |     169 |      27 |  13.8
            +---------+---------+-------+---------+---------+-------
        D:1 |      77 |       0 |   0.0 |      37 |       0 |   0.0
        D:2 |     144 |      13 |   8.3 |      27 |       7 |  20.6
        D:3 |      79 |       0 |   0.0 |      22 |       0 |   0.0
        D:4 |     302 |      72 |  19.3 |      10 |       3 |  23.1
        D:5 |     533 |       0 |   0.0 |      26 |       0 |   0.0
        D:6 |     569 |    1149 |  66.9 |      12 |      17 |  58.6
        D:7 |    1457 |       0 |   0.0 |      26 |       0 |   0.0
        D:8 |     495 |       0 |   0.0 |       9 |       0 |   0.0
            +---------+---------+-------+---------+---------+-------
